 Dungeon Sprint DCSS version 0.28-a0-199-g298df9dbad (webtiles) character file.

Game seed: 748832925753942180

3015 MikeHunt the Martial Artist (level 9, -12/73 HPs)
             Began as a Demonspawn Brigand on Aug 19, 2021.
             Was an Initiate of Gozag.
             Mangled by an orc warrior (21 damage)
             ... in the Dungeon (Sprint III: "The Ten Rune Challenge").
             The game lasted 00:12:00 (2155 turns).

MikeHunt the Martial Artist (Demonspawn Brigand)    Turns: 2155, Time: 00:12:00

Health: -12/73     AC: 15    Str: 12    XL:     9   Next: 55%
Magic:  9/9        EV: 10    Int: 12    God:    Gozag
Gold:   670        SH:  4    Dex: 18    Spells: 8/8 levels left

rFire   . . .      SeeInvis .     - Unarmed
rCold   . . .      Faith    .   (no shield)
rNeg    . . .      Spirit   .   q - +0 plate armour
rPois   .          Reflect  .   (no helmet)
rElec   .          Harm     .   d - +0 cloak
rCorr   .          Rampage  .   (no gloves)
Will    .....      NoTele   +   (no boots)
Stlth   ..........              (no amulet)
HPRegen 0.22/turn               (no ring)
MPRegen 0.11/turn               (no ring)

@: mighty
A: talons 1, powered by pain 1, sturdy frame 2, condensation shield
a: Renounce Religion, Potion Petition, Call Merchant, Bribe Branch


You were in the Dungeon.
You worshipped Gozag.
Gozag was pleased with you.
You visited 1 branch You collected 1210 gold pieces.
You paid 540 gold pieces to Gozag.

Inventory:

Hand Weapons
 a - a +2 dagger
 b - a +2 quarterstaff of chaos
Missiles
 t - 2 boomerangs of dispersal
 u - 10 boomerangs (quivered)
Armour
 c - a +0 cloak
 d - a +0 cloak (worn)
 g - a +0 ring mail
 l - a +0 leather armour
 q - a +0 plate armour (worn)
Wands
 p - a wand of iceblast (2)
Scrolls
 o - a scroll of torment {unknown}
 s - a scroll of immolation {unknown}
Potions
 i - 2 potions of magic
 n - 3 potions of mutation
 r - 3 potions of flight
Miscellaneous
 j - a phantom mirror


   Skills:
 + Level 7.7 Fighting
 - Level 1.7 Short Blades
 - Level 6.0 Throwing
 + Level 10.0 Armour
 + Level 7.6 Dodging
 - Level 3.8 Stealth
 + Level 11.3 Unarmed Combat
 - Level 8.1 Evocations


You had 8 spell levels left.
You didn't know any spells.
Your spell library contained the following spells:

 Spells                   Type           Power      Damage    Failure   Level
 Animate Skeleton         Necr           0%         N/A       99%         1
 Pain                     Necr           0%         1d4       99%         1
 Vampiric Draining        Necr           0%         2d6       100%        3


Dungeon Overview and Level Annotations

Branches:
Dungeon (1/1)

Altars:
Cheibriados
Dithmenos
Fedhas
Gozag
Hepliaklqana
Kikubaaqudgha
Makhleb
Nemelex Xobeh
Qazlal
Ru
Sif Muna
Vehumet
Wu Jian
Xom
Yredelemnul
Zin
Beogh
Jiyva
Lugonu

Shops:
D *


Innate Abilities, Weirdness & Mutations

You have sharp toenails.
You sometimes gain a little power by taking damage.
Your movements are less encumbered by armour. (ER -4)
A meltable shield of frost defends you. (SH +4)


Message History

You punch the orc knight!
The orc knight is moderately wounded.
The orc knight barely misses you.
You hit the orc knight.
You claw the orc knight, but do no damage.
The orc knight is moderately wounded.
The orc knight hits you but does no damage.
You punch the orc knight!
You claw the orc knight, but do no damage.
The orc knight is heavily wounded.
The orc knight hits you with a +0 war axe!!
You barely miss the orc knight.
The orc knight is heavily wounded.
You closely miss the orc knight. Your punch misses the orc knight.
The orc knight is heavily wounded.
You block the orc knight's attack.
You barely miss the orc knight.
You claw the orc knight, but do no damage.
The orc knight is heavily wounded.
The orc knight hits you with a +0 war axe!
You hit the orc knight. Your kick misses the orc knight.
The orc knight is heavily wounded.
The orc knight hits you with a +0 war axe!
* * * LOW HITPOINT WARNING * * *
You focus on the pain.
You feel very mighty all of a sudden.
You feel better.
The orc knight hits you with a +0 war axe!
* * * LOW HITPOINT WARNING * * *
Okay, then.
Okay, then.
An orc comes into view. It is wielding a +0 short sword.
Blink to where?
Press: ? - help, Dir - move target
As you read the scroll of blinking, it crumbles to dust.
The orc no longer looks unusually strong.
The orc barely misses you.
The orc warrior hits you with a +0 war axe!!
You die...
Your body crumbles into a pile of gold.

▓...#......#####..# _# _#__#
▓..##.......#..#..# .# _)#._#
▓##.##.##...#[.#..###'#'###'##
##.##.###..##'#.)#[..(......#
▓#.####[##..###)..')((..).((.#
▓.###..##.)####o.)#...######'#
▓#.)...##..###).).#.⌠.#__#...#
###..##...##.o...#...#__#...#
##..##....#.@o...#'###__#..o#
#..###..##)#.....#.).#__#...'
#..# #.. ####....#___#__'...#
▓▓▓▓ ▓▓▓ ▓▓▓▓▓▓▓▓▓▓▓▓▓▓▓▓▓ $


You could see an orc knight, an orc warrior (strong) and an orc.

Vanquished Creatures
  An orc high priest (D)
  A deep elf pyromancer (D)
  An orc sorcerer (D)
  An orc knight (D)
  A shadow (D)
  A spatial vortex (D)
  3 orc warriors (D)
  A necrophage (D)
  A water elemental (D)
  A jelly (D)
  Crazy Yiuf (D)
  An orc priest (D)
  Jessica (D)
  A wizard (D)
  A necromancer (D)
  A kobold demonologist (D)
  3 humans (D)
  7 orcs (D)
  An endoplasm (D)
  2 rats (D)
31 creatures vanquished.

Notes
Turn   | Place    | Note
-------+----------+-------------------------------------------
     0 | D        | MikeHunt the Demonspawn Brigand began the quest for the
                  | Orb.
     0 | D        | Reached XP level 1. HP: 16/16 MP: 1/1
    15 | D        | Reached skill level 1 in Unarmed Combat
    86 | D        | Noticed Jessica
   202 | D        | Killed Jessica
   203 | D        | Reached skill level 3 in Unarmed Combat
   203 | D        | Gained mutation: You have sharp toenails. [demonic
                  | ancestry]
   203 | D        | Reached XP level 2. HP: 22/22 MP: 2/2
   227 | D        | Reached XP level 3. HP: 27/27 MP: 3/3
   272 | D        | Reached skill level 4 in Unarmed Combat
   464 | D        | Noticed Crazy Yiuf
   491 | D        | Killed Crazy Yiuf
   492 | D        | Reached skill level 5 in Throwing
   492 | D        | Reached skill level 5 in Unarmed Combat
   492 | D        | Gained mutation: Your movements are slightly less
                  | encumbered by armour. (ER -2) [demonic ancestry]
   492 | D        | Reached XP level 4. HP: 27/33 MP: 0/4
   552 | D        | Noticed a water elemental
   559 | D        | Killed a water elemental
   560 | D        | Reached skill level 6 in Unarmed Combat
   639 | D        | Reached skill level 7 in Unarmed Combat
   639 | D        | Gained mutation: Your movements are less encumbered by
                  | armour. (ER -4) [demonic ancestry]
   639 | D        | Reached XP level 5. HP: 34/38 MP: 5/5
   674 | D        | Noticed a shadow
   677 | D        | Killed a shadow
   678 | D        | Reached skill level 8 in Unarmed Combat
   678 | D        | Gained mutation: You sometimes gain a little power by
                  | taking damage. [demonic ancestry]
   678 | D        | Reached XP level 6. HP: 50/50 MP: 6/6
   682 | D        | Found a blossoming altar of Fedhas.
   682 | D        | Found a stormy altar of Qazlal.
   683 | D        | Found a snail-covered altar of Cheibriados.
   683 | D        | Found a burning altar of Makhleb.
   683 | D        | Found a hazy altar of Hepliaklqana.
   683 | D        | Found a shimmering altar of Xom.
   683 | D        | Found an opulent altar of Gozag.
   683 | D        | Found a sparkling altar of Nemelex Xobeh.
   683 | D        | Found a corrupted altar of Lugonu.
   683 | D        | Found a viscous altar of Jiyva.
   683 | D        | Noticed a spatial vortex
   689 | D        | Killed a spatial vortex
   690 | D        | Reached skill level 5 in Dodging
   690 | D        | Reached skill level 9 in Unarmed Combat
   693 | D        | Became a worshipper of Gozag Ym Sagoz the Greedy
   704 | D        | Found a shadowy altar of Dithmenos.
   705 | D        | Found a basalt altar of Yredelemnul.
   705 | D        | Found a sacrificial altar of Ru.
   710 | D        | Reached XP level 7. HP: 54/59 MP: 7/7
   750 | D        | Found a radiant altar of Vehumet.
   754 | D        | Found a shimmering blue altar of Sif Muna.
   754 | D        | Found an ancient bone altar of Kikubaaqudgha.
   758 | D        | Noticed a red devil
   761 | D        | Reached skill level 1 in Evocations
   818 | D        | Found Uzunesmunebb's Assorted Antiques.
   818 | D        | Noticed an orc knight
   820 | D        | Noticed an orc knight
   854 | D        | Killed an orc knight
  1115 | D        | Reached skill level 1 in Armour
  1115 | D        | Gained mutation: A meltable shield of frost defends you.
                  | (SH +4) [demonic ancestry]
  1115 | D        | Reached XP level 8. HP: 49/65 MP: 8/8
  1187 | D        | Noticed an orc high priest
  1190 | D        | Noticed a sixfirhy
  1190 | D        | Noticed an ice devil
  1206 | D        | Noticed a red devil
  1206 | D        | Noticed a smoke demon
  1209 | D        | Killed an orc high priest
  1448 | D        | Noticed an orc sorcerer
  1448 | D        | Paralysed by an orc sorcerer for 6 turns
  1470 | D        | Killed an orc sorcerer
  1471 | D        | Reached skill level 10 in Unarmed Combat
  1471 | D        | Reached XP level 9. HP: 70/72 MP: 9/9
  1513 | D        | Found an ornate altar of the Wu Jian Council.
  1695 | D        | Noticed a deep elf pyromancer
  1977 | D        | Reached skill level 11 in Unarmed Combat
  2001 | D        | Killed a deep elf pyromancer
  2002 | D        | Reached skill level 10 in Armour
  2155 | D        | Mangled by an orc warrior

Illustrated notes

Levels and vault maps discovered:
D:        dungeon_sprint_mu [sprint_mu_entry_cave, sprint_mu_temple_rooms,
          sprint_mu_d1_horrors, sprint_mu_d2_genie, sprint_mu_d3_branching,
          sprint_mu_orc_legion, sprint_mu_elf_gauntlet, sprint_mu_hive_nellie,
          sprint_mu_lair_fedhas, sprint_mu_vaults_butterflies,
          sprint_mu_slime_circle, sprint_mu_shoals_archi,
          sprint_mu_snake_twists, sprint_mu_blade_basic,
          sprint_mu_crypt_chambers, sprint_mu_tomb_spiral,
          sprint_mu_vestibule_basic, sprint_mu_gehenna_hellfire,
          sprint_mu_dis_giant, sprint_mu_tartarus_statrot,
          sprint_mu_cocytus_islands, sprint_mu_zot1]

Skill      XL: |  1  2  3  4  5  6  7  8  9 |
---------------+----------------------------+-----
Throwing       | 4 5 6 |  6.0
Unarmed Combat | 3 5 7 8 9 10 11 | 11.3
Fighting       | 4 6 7 |  7.7
Dodging        | 4 5 6 7 |  7.6
Evocations     | 8 |  8.1
Armour         | 1 8 10 | 10.0
Short Blades   | |  1.7
Stealth        | |  3.8

Action                   |  1- 3 |  4- 6 |  7- 9 || total
-------------------------+-------+-------+-------++-------
Melee: Dagger            |    16 |       |       ||    16
       Unarmed           |     2 |    17 |   117 ||   136
       Kick              |     2 |     6 |    42 ||    50
       Punch             |       |       |     5 ||     5
Throw: Dart              |    22 |       |    17 ||    39
       Boomerang         |       |       |    11 ||    11
Invok: Potion Petition   |       |       |     1 ||     1
Evoke: Wand              |       |       |     7 ||     7
  Use: Potion            |       |     2 |     3 ||     5
       Scroll            |       |     2 |     1 ||     3
 Stab: Sleeping          |     1 |       |       ||     1
       Distracted        |       |       |     1 ||     1
Armor: Robe              |     3 |       |       ||     3
       Leather armour    |     3 |     2 |       ||     5
       Plate armour      |       |       |    35 ||    35
Dodge: Dodged            |     8 |     9 |    23 ||    40
Block: Other             |       |       |     7 ||     7

Table legend: (Time is in decaauts)
 A = Elapsed time spent in this place.
 B = Non-inter-level travel time spent in this place.
 C = Inter-level travel time spent in this place.
 D = Time resting spent in this place.
 E = Time spent auto-exploring this place.
 F = Levels seen in this place.
 G = Mean time per level.
                   A        B        C        D        E       F      G
               +--------+--------+--------+--------+--------+-----+--------+
         Total |   2127 |   2127 |      0 |   1326 |     22 |   1 | 2127.0 |
       Dungeon |   2127 |   2127 |      0 |   1326 |     22 |   1 | 2127.0 |
               +--------+--------+--------+--------+--------+-----+--------+

Top non-repeatable levels by time:
       D: 2127 daAuts
